AoeStats
← Lord_Wilfredo

Fortress

508102379Analyzed
4v4 RM · 12d ago on Sep 20, 2026· 105m 18s· 8 players
Game mode
Random Map
Map size
Huge
Population
200
Speed
Normal
Resources
Standard
Victory
Conquest
Starting age
Dark Age
Ending age
Imperial Age
RankedLock teamsTeams togetherTeam positionsShared explorationLock speedFull tech treeHidden civsTurbo modeCheats
Victory
Defeat
🇦🇷 Malay · Argentina
1421
+16
🇦🇷 Hindustanis · Argentina
1371
+18
🇦🇷 Spanish · Argentina
1338
+19
🇺🇾 Burgundians · Uruguay
1306
+20
🇦🇷 Wu · Argentina
1456
-20
🇲🇽 Turks · Mexico
1454
-20
🇺🇸 Vietnamese · United States
1382
-17
🇨🇿 Koreans · Czechia
1349
-16
XEVER | JoKeR
7:37 Feudal Age
12:03 Castle Age
10:02 Double-Bit Axe
16:53 Forging
16:36 Loom
18:33 Iron Casting
22:19 Scale Barding Armor
26:18 Husbandry
31:55 Wheelbarrow
31:06 Horse Collar
31:41 Bow Saw
36:33 Imperial Age
34:27 Padded Archer Armor
34:18 Fletching
34:49 Masonry
34:38 Man-at-Arms
35:37 Bodkin Arrow
35:30 Long Swordsman
36:36 Squires
36:40 Bracer
37:41 Blast Furnace
37:06 Conscription
36:12 Crossbowman
37:13 Gold Mining
37:32 Thumb Ring
37:50 Hand Cart
38:41 Leather Archer Armor
37:59 Arbalester
39:05 Two-Handed Swordsman
40:42 Ring Archer Armor
43:01 Chemistry
42:29 Forced Levy
46:10 Ballistics
46:16 Caravan
54:38 Heavy Plow
56:31 Crop Rotation
64:06 Elite Battle Elephant
69:04 Siege Engineers
81:03 Elite Skirmisher
81:38 Treadmill Crane
89:12 Pikeman
93:55 Halberdier
Pororoca
8:11 Feudal Age
12:13 Castle Age
12:55 Loom
17:46 Horse Collar
18:45 Wheelbarrow
17:55 Town Watch
18:55 Double-Bit Axe
24:37 Imperial Age
23:01 Hand Cart
22:51 Gold Mining
23:55 Bloodlines
23:46 Husbandry
25:18 Scale Barding Armor
25:23 Forging
24:45 Heavy Camel Rider
27:04 Chain Barding Armor
29:26 Plate Barding Armor
36:38 Hoardings
39:40 Gold Shaft Mining
38:55 Stone Mining
39:07 Town Patrol
39:20 Bow Saw
39:34 Conscription
39:44 Light Cavalry
45:07 Iron Casting
45:00 Imperial Camel Rider
49:20 Blast Furnace
58:06 Fletching
61:43 Ballistics
67:40 Bodkin Arrow
84:15 Hussar
Pipo
0:29 Loom
2:18 Double-Bit Axe
7:32 Feudal Age
6:44 Wheelbarrow
8:07 Feudal Age
7:00 Horse Collar
13:51 Castle Age
12:14 Bow Saw
13:52 Heavy Plow
14:17 Scale Barding Armor
13:57 Cavalier
14:39 Husbandry
20:51 Chain Barding Armor
22:15 Forging
25:37 Gold Mining
28:48 Hand Cart
34:44 Imperial Age
32:13 Town Watch
35:36 Iron Casting
34:57 Paladin
41:35 Coinage
41:16 Guilds
41:07 Caravan
42:40 Plate Barding Armor
44:23 Banking
49:21 Blast Furnace
49:11 Town Patrol
57:45 Fletching
69:02 Conscription
78:09 Crop Rotation
Lord_Wilfredo
7:32 Feudal Age
10:56 Castle Age
9:43 Double-Bit Axe
9:41 Horse Collar
12:27 Padded Archer Armor
21:04 Loom
21:18 Fletching
25:08 Imperial Age
23:39 Wheelbarrow
23:48 Leather Archer Armor
25:27 Bow Saw
28:10 Imperial Age
28:18 Imperial Age
25:11 Elite Skirmisher
28:07 Bodkin Arrow
30:28 Ballistics
31:09 Chemistry
30:30 Conscription
32:30 Town Watch
33:28 Bracer
33:58 Ring Archer Armor
34:33 Thumb Ring
37:53 Bracer
41:10 Ring Archer Armor
45:37 Two-Man Saw
48:26 Bombard Tower
55:00 Caravan
62:44 Hand Cart
72:29 Heavy Plow
73:13 Bloodlines
73:06 Husbandry
74:08 Light Cavalry
75:39 Hussar
BTJ | Dr Colageno
7:28 Feudal Age
11:26 Castle Age
9:21 Double-Bit Axe
9:30 Horse Collar
12:23 Bow Saw
15:04 Fletching
15:09 Gold Mining
15:41 Loom
19:26 Bodkin Arrow
21:07 Town Watch
25:04 Wheelbarrow
25:55 Ballistics
27:47 Scale Mail Armor
27:08 Pikeman
27:48 Squires
28:17 Hand Cart
28:13 Forging
28:48 Chain Mail Armor
33:25 Iron Casting
36:00 Imperial Age
34:09 Padded Archer Armor
36:53 Red Cliffs Tactics
37:15 Conscription
37:23 Bracer
38:28 Chemistry
38:16 Leather Archer Armor
38:29 Elite Fire Archer
40:26 Masonry
42:07 Plate Mail Armor
42:38 Blast Furnace
40:59 Halberdier
42:28 Sitting Tiger
46:11 Halberdier
50:45 Coinage
50:15 Caravan
50:28 Guilds
57:20 Heavy Plow
59:23 Murder Holes
63:07 Arson
83:34 Scale Barding Armor
83:55 Bloodlines
83:46 Husbandry
83:07 Heavy Hei Guang Cavalry
84:48 Chain Barding Armor
Walmart
8:49 Feudal Age
13:02 Castle Age
11:30 Double-Bit Axe
12:07 Horse Collar
12:19 Gold Mining
14:24 Wheelbarrow
13:54 Heavy Plow
14:52 Fletching
15:25 Loom
20:20 Imperial Age
20:02 Padded Archer Armor
29:52 Leather Archer Armor
36:38 Scale Barding Armor
36:44 Forging
37:57 Husbandry
38:07 Bloodlines
43:50 Fortified Wall
44:20 Bow Saw
45:16 Gold Shaft Mining
45:27 Iron Casting
45:32 Hand Cart
46:31 Chain Barding Armor
47:38 Bombard Tower
48:59 Two-Man Saw
48:46 Ballistics
49:46 Caravan
55:01 Ring Archer Armor
55:32 Blast Furnace
55:08 Plate Barding Armor
56:42 Bodkin Arrow
67:18 Heavy Camel Rider
68:00 Bracer
Les Boyageur
7:25 Feudal Age
8:32 Town Watch
11:36 Castle Age
9:51 Double-Bit Axe
11:04 Gold Mining
11:14 Horse Collar
11:29 Stone Mining
12:48 Bow Saw
15:24 Loom
18:44 Fletching
24:37 Wheelbarrow
25:45 Fortified Wall
26:01 Bodkin Arrow
26:29 Padded Archer Armor
28:07 Hand Cart
30:06 Murder Holes
32:46 Heavy Plow
36:59 Town Patrol
40:29 Imperial Age
38:52 Leather Archer Armor
39:23 Ballistics
38:44 Treadmill Crane
39:27 Ballistics
39:23 Thumb Ring
38:46 Elite Skirmisher
39:38 Pikeman
40:19 Squires
40:30 Imperial Skirmisher
41:13 Bracer
41:44 Ring Archer Armor
42:26 Chemistry
42:07 Scale Mail Armor
42:17 Forging
42:23 Halberdier
45:37 Siege Engineers
46:04 Chain Mail Armor
46:25 Iron Casting
46:39 Paper Money
47:50 Plate Mail Armor
50:16 Elite Rattan Archer
65:07 Paper Money
67:03 Caravan
74:01 Crossbowman
75:39 Arbalester
93:22 Onager
Joseph90
8:17 Feudal Age
13:11 Castle Age
12:04 Double-Bit Axe
11:59 Horse Collar
14:22 Bow Saw
14:19 Heavy Plow
14:37 Loom
18:21 Wheelbarrow
21:59 Fletching
23:08 Gold Mining
23:14 Stone Mining
24:05 Ballistics
26:10 Bodkin Arrow
26:16 Scale Mail Armor
26:27 Forging
27:37 Hand Cart
30:48 Imperial Age
28:05 Town Watch
30:16 Town Patrol
31:12 Eupseong
31:30 Bracer
32:32 Chemistry
31:44 Masonry
31:29 Murder Holes
31:45 Fortified Wall
32:28 Conscription
33:38 Coinage
33:33 Elite War Wagon
37:26 Two-Man Saw
37:25 Pikeman
37:26 Man-at-Arms
37:26 Pikeman
37:51 Gambesons
38:07 Squires
37:52 Arson
38:07 Long Swordsman
38:08 Halberdier
38:53 Two-Handed Swordsman
40:16 Chain Mail Armor
40:36 Iron Casting
39:44 Champion
43:19 Plate Mail Armor
42:38 Arrowslits
43:24 Architecture
42:59 Siege Engineers
44:28 Scale Barding Armor
47:05 Banking
46:36 Caravan
49:24 Capped Ram
50:32 Treadmill Crane
54:45 Thumb Ring
56:01 Elite Skirmisher
58:18 Imperial Skirmisher
Connection lost

Rejoining the realm…

Still unreachable

The connection could not be restored.

Session expired

The server has moved on; the page needs a fresh start.